 Dungeon Crawl Stone Soup version 0.27-a0-1206-g6342a01c75 (webtiles) character file.

Game seed: 12529575111730186494

17 Glokmah the Insei (level 2, -1/22 HPs)
             Began as a Djinni Transmuter on June 5, 2021.
             Slain by a hobgoblin (3 damage)
             ... on level 2 of the Dungeon.
             The game lasted 00:02:03 (1587 turns).

Glokmah the Insei (Djinni Transmuter)               Turns: 1587, Time: 00:02:04

Health: -1/22      AC:  2    Str:  9    XL:     2   Next: 80%
Gold:   64         EV: 12    Int: 14    God:
                   SH:  0    Dex: 13

rFire    + + .     SeeInvis .     - Unarmed
rCold    x . .     Faith    .   (no shield)
rNeg     . . .     Spirit   .   a - +0 robe
rPois    ∞         Reflect  .   (no helmet)
rElec    .         Harm     .   (no cloak)
rCorr    .         Rampage  .   (no gloves)
Will     .....                  (boots unavailable)
Stlth    +.........             (no amulet)
HPRegen  0.07/turn              (no ring)
MPRegen  0.00/turn              (no ring)

@: wereblooded (expiring), flying
A: sickness immunity, fire resistance 2, cold vulnerability 1, float, innate
caster, hp casting, extra vitality 1
a: no special abilities


You were on level 2 of the Dungeon.
You visited 1 branch of the dungeon, and saw 2 of its levels.

You collected 64 gold pieces.

Inventory:

Missiles
 e - 73 stones
Armour
 a - a +0 robe (worn)
 g - a scarf of harm
Scrolls
 c - a scroll of identify {unknown}
 f - a scroll of enchant armour {unknown}
 h - 3 scrolls of teleportation {unknown}
 i - a scroll of noise {unknown}
Potions
 b - a potion of magic {unknown}
 d - a potion of attraction {unknown}


   Skills:
 + Level 1.4 Fighting
 - Level 2.1 Dodging
 * Level 3.4 Unarmed Combat
 + Level 1.8 Spellcasting


You couldn't memorise any spells.
You knew the following spells:

 Your Spells              Type           Power      Damage    Failure   Level
a - Beastly Appendage     Tmut           12%        N/A       12%         1
b - Wereblood             Tmut           6%         N/A       17%         2
c - Spider Form           Tmut/Pois      3%         N/A       34%         3
d - Ice Form              Ice/Tmut       6%         N/A       75%         4
e - Hydra Form            Tmut           3%         N/A       97%         5
Your spell library was empty.

Dungeon Overview and Level Annotations

Branches:
Dungeon (2/15)

Altars:

Annotations:
D:2 Jessica


Innate Abilities, Weirdness & Mutations

You are immune to sickness and miasma.
You are immune to poison.
Your flesh is very heat resistant. (rF++)
You are vulnerable to cold. (rC-)
You float through the air rather than walking.
You learn spells naturally, not from books.
Your magical power is your life essence.
You have superior vitality. (+4 HP)


Message History

You barely miss the giant cockroach.
Your headbutt misses the giant cockroach.
Your transformation is almost over.
The giant cockroach misses you.
You completely miss the giant cockroach.
The hobgoblin hits you.
The giant cockroach bites you but does no damage.
Unknown command.
You hit the giant cockroach.
The giant cockroach is severely wounded.
The hobgoblin hits you but does no damage.
The giant cockroach barely misses you.
You closely miss the giant cockroach.
You headbutt the giant cockroach, but do no damage.
The giant cockroach is severely wounded.
The hobgoblin hits you. The giant cockroach closely misses you.
You are too injured to fight recklessly!
You are too injured to fight recklessly!
You are too injured to fight recklessly!
You hit the hobgoblin.
The hobgoblin is lightly wounded.
The giant cockroach bites you. The hobgoblin closely misses you.
You hit the hobgoblin.
The hobgoblin is moderately wounded.
The giant cockroach closely misses you. The hobgoblin hits you.
* * * LOW HITPOINT WARNING * * *
You closely miss the giant cockroach.
The giant cockroach is severely wounded.
The giant cockroach closely misses you. The hobgoblin hits you.
* * * LOW HITPOINT WARNING * * *
The giant cockroach bites you.
* * * LOW HITPOINT WARNING * * *
The hobgoblin misses you.
Your horns disappear.
A frilled lizard and a bat come into view.
The frilled lizard hisses angrily.
The giant cockroach barely misses you.
Your primal bloodlust is almost over.
The giant cockroach barely misses you. The hobgoblin hits you.
You die...

.........>
...b............ #.#
................ #.#
.......#.#...... #.#
..l....#........ #.#
.......#!.## #.##
.......#...######## #.#.
.......#Bg........#####.#.
.........@................
...r...###....###.##.##.#.
....... ##.#####.##.##.#.
..########........##.##.#.
. #..............##.##.#.
#.#####........##.##.#.
#.# #........##.##.#. #.#
#........##.##.#<
#.######...###.##.##.##


You could see a giant cockroach, a hobgoblin and a rat.

Vanquished Creatures
  2 bats (D:1)
  2 giant cockroaches
  2 goblins
  2 hobgoblins (D:1)
  A quokka (D:1)
  3 ball pythons (D:1)
  3 rats (D:1)
15 creatures vanquished.

Vanquished Creatures (others)
  5 toadstools (D:1)
5 creatures vanquished.

Grand Total: 20 creatures vanquished

Notes
Turn   | Place    | Note
-------+----------+-------------------------------------------
     0 | D:1      | Glokmah the Djinni Transmuter began the quest for the Orb.
     0 | D:1      | Reached XP level 1. HP: 17/17 MP: 0/0
   515 | D:1      | Reached XP level 2. HP: 21/22 MP: 0/0
   831 | D:1      | Found a faded altar of an unknown god.
  1415 | D:2      | Noticed Jessica
  1587 | D:2      | Slain by a hobgoblin

Illustrated notes

Levels and vault maps discovered:
D:1:      ldierk_walled_garden, layout_basic, hellmonk_ecumenical_altar_zigzags,
          serial_bayou_lagoon_a
D:2:      layout_basic, uniq_jessica

Action                   || total
-------------------------++-------
Melee: Unarmed           ||    56
       Headbutt          ||     8
 Cast: Beastly Appendage ||    12
       Wereblood         ||     1
 Stab: Sleeping          ||     1
Armor: Robe              ||    12
Dodge: Dodged            ||    38

Table legend: (Time is in decaauts)
 A = Elapsed time spent in this place.
 B = Non-inter-level travel time spent in this place.
 C = Inter-level travel time spent in this place.
 D = Time resting spent in this place.
 E = Time spent auto-exploring this place.
 F = Levels seen in this place.
 G = Mean time per level.
                   A        B        C        D        E       F      G
               +--------+--------+--------+--------+--------+-----+--------+
         Total |   1585 |   1468 |    117 |      3 |   1282 |   2 |  792.5 |
       Dungeon |   1585 |   1468 |    117 |      3 |   1282 |   2 |  792.5 |
               +--------+--------+--------+--------+--------+-----+--------+

Top non-repeatable levels by time:
     D:1: 1486 daAuts
     D:2: 99 daAuts
